 Dungeon Crawl Stone Soup version 0.30-a0-870-gc5d4c5acee (webtiles) character file.

Game seed: 7527011247080333527

554 bande the Chopper (level 7, 0/44 HPs)
             Began as a Gargoyle Fighter on Mar 11, 2023.
             Slain by a goblin
             ... wielding a +0 club
              (4 damage)
             ... on level 4 of the Dungeon.
             The game lasted 00:03:22 (3268 turns).

bande the Chopper (Gargoyle Fighter)                Turns: 3268, Time: 00:03:23

Health: 0/44       AC: 14    Str: 19    XL:     7   Next: 30%
Magic:  7/7        EV:  7    Int:  9    God:
Gold:   131        SH:  4    Dex: 11    Spells: 6/6 levels left

rFire   . . .      SeeInvis .    a - +0 war axe
rCold   . . .      Faith    .    c - +0 buckler
rNeg    + . .      Spirit   .    j - +0 chain mail
rPois   ∞          Reflect  .    (no helmet)
rElec   +          Rampage  .    (no cloak)
rCorr   .                        (no gloves)
Will    .....                    (no boots) Stlth
                                 (no amulet)
HPRegen 0.27/turn                w - ring of flight
MPRegen 0.10/turn                (no ring)

@: mighty, flying
A: sickness immunity, AC +4, negative energy resistance 1, electricity
resistance, torment resistance 1, petrification resistance
a: no special abilities


You were on level 4 of the Dungeon.
You visited 1 branch of the dungeon, and saw 4 of its levels.

You collected 131 gold pieces.

Inventory:

Hand Weapons
 a - a +0 war axe (weapon)
 v - a +0 flail
Armour
 c - a +0 buckler (worn)
 j - a +0 chain mail (worn)
Jewellery
 m - an amulet of the acrobat
 r - an amulet of magic regeneration
 w - a ring of flight (left hand)
Scrolls
 b - 5 scrolls of immolation
 e - 6 scrolls of identify {unknown}
 f - a scroll of vulnerability {unknown}
 g - a scroll of fog {unknown}
 k - 2 scrolls of enchant armour {unknown}
 l - a scroll of blinking {unknown}
 n - a scroll of silence {unknown}
 p - a scroll of teleportation {unknown}
 s - 2 scrolls of magic mapping {unknown}
 t - a scroll of noise {unknown}
 u - a scroll of amnesia {unknown}
Potions
 d - a potion of might
 h - a potion of haste
 o - 2 potions of curing {unknown}
 q - a potion of brilliance {unknown}
 x - a potion of ambrosia {unknown}


   Skills:
 + Level 4.7 Fighting
 + Level 5.1 Axes
 + Level 4.9 Armour
 - Level 0.2 Dodging
 + Level 4.3 Shields


You had 6 spell levels left.
You didn't know any spells.
Your spell library contained the following spells:

 Spells                   Type           Power      Damage    Failure   Level
 Lesser Beckoning         Tloc           0%         N/A       100%        2
 Gell's Gravitas          Tloc           0%         N/A       100%        3
 Teleport Other           Tloc           0%         N/A       100%        3


Dungeon Overview and Level Annotations

Branches:
Dungeon (4/15)
 Temple: D:4-7

Altars:
Xom


Innate Abilities, Weirdness & Mutations

You are immune to sickness and miasma.
Your stone body is resilient. (AC +4)
You are immune to poison.
You resist negative energy. (rN+)
You are resistant to electric shocks. (rElec)
You are resistant to unholy torment.
You are immune to petrification.


Message History

The lemure hits you. The lemure hits you but does no damage.
The lemure barely misses you.
Pikel hits you with a +0 whip of electrocution.
The lemure hits you but does no damage.
Pikel says, "You'll make a fine lemure."
You block Pikel's attack.
The hobgoblin hits you but does no damage.
The lemure hits you but does no damage. x2
You slash the lemure!
The lemure is severely wounded.
You closely miss the lemure. You barely miss the lemure.
You slash the hobgoblin!
You kill the hobgoblin!
You hit Pikel. The lemure hits you but does no damage.
Pikel hits you with a +0 whip of electrocution!
* * * LOW HITPOINT WARNING * * *
You block the lemure's attack. The lemure hits you.
* * * LOW HITPOINT WARNING * * *
Unknown command.
You slash Pikel!
You kill Pikel!
You slash the lemure!
You kill the lemure!
That felt strangely unrewarding.
You closely miss the lemure. You barely miss the lemure.
With Pikel's spell broken, his former minions thank you for their freedom.
The lemure departs this earthly plane. x3; The goblin unwields a +0 club.
The goblin wields a +0 sling.
The goblin shoots a sling bullet.
The sling bullet barely misses you.
Your Axes skill gained 2 levels and is now at level 5!
Your Armour skill increases to level 4!
Your Shields skill increases to level 4!
You have reached level 5!
You have reached level 6!
You have reached level 7!
The goblin unwields a +0 sling.
The goblin wields a +0 club.
The goblin hits you but does no damage. You block the goblin's attack.
You closely miss the goblin. The goblin hits you with a +0 club.
You die...

#....##. #...#...
###...#..###
.........#.#
..#........###
..........#..#
#.......#..##
#.$g@.......
########).§...... ..<..
......###........ ....##
.......#..†......
.....##.........###.....
......#.........## .....
.................# .#..
......# #........## .#..
...#..###.........#


You could see a goblin.

Vanquished Creatures
  Pikel (D:4)
  A lemure (D:4)
  2 adders
  3 worms
  3 dart slugs (D:1)
  8 orcs
  3 ball pythons
  An endoplasm (D:1)
  2 giant cockroaches
  11 goblins
  8 hobgoblins
  4 jackals (D:1)
  A quokka (D:3)
  9 bats
  3 frilled lizards
  6 kobolds
  6 rats
72 creatures vanquished.

Notes
Turn   | Place    | Note
-------+----------+-------------------------------------------
     0 | D:1      | bande the Gargoyle Fighter began the quest for the Orb.
     0 | D:1      | Reached XP level 1. HP: 14/14 MP: 1/1
    99 | D:1      | Reached XP level 2. HP: 19/19 MP: 2/2
   296 | D:1      | Reached skill level 2 in Axes
   620 | D:1      | Reached XP level 3. HP: 23/23 MP: 3/3
  1197 | D:2      | Found a faded altar of an unknown god.
  1363 | D:2      | Found a shimmering altar of Xom.
  1572 | D:2      | Reached XP level 4. HP: 29/29 MP: 4/4
  2676 | D:3      | Reached skill level 3 in Axes
  3246 | D:4      | Noticed Pikel
  3246 | D:4      | Noticed a lemure
  3246 | D:4      | Noticed a lemure
  3246 | D:4      | Noticed a lemure
  3246 | D:4      | Noticed a lemure
  3258 | D:4      | HP: 1/29 [lemure[Pikel] (4)]
  3265 | D:4      | Killed Pikel
  3265 | D:4      | Killed a lemure
  3266 | D:4      | Reached skill level 5 in Axes
  3266 | D:4      | Reached XP level 5. HP: 3/34 MP: 5/5
  3266 | D:4      | Reached XP level 6. HP: 3/39 MP: 6/6
  3266 | D:4      | Reached XP level 7. HP: 4/44 MP: 7/7
  3268 | D:4      | Slain by a goblin

Illustrated notes

Levels and vault maps discovered:
D:1:      dpeg_arrival_signposts, layout_basic, minmay_statues_item,
          minivault_19, amethyst_killhole
D:2:      cheibrodos_helix_gallery, layout_basic,
          hellmonk_ecumenical_altar_blasted, basic_altar,
          ebering_dispersal_statue_hall
D:3:      layout_basic, minmay_diced_spiral
D:4:      layout_cave_pools, lemuel_coloured_pillars_altar,
          ebering_ghost_sewer_f, grunt_ministairs_6,
          minmay_fractal_squares_gapless_5, uniq_crazy_yiuf_cottage, uniq_pikel

Skill      XL: |  1  2  3  4 |
---------------+-------------+-----
Axes           | 2 5 |  5.1
Fighting       | 4 |  4.7
Armour         | 4 |  4.9
Shields        | 4 |  4.3
Dodging        | |  0.2

Action                     |  1- 3 |  4- 6 |  7- 9 || total
---------------------------+-------+-------+-------++-------
  Melee: War axe           |   141 |    93 |     1 ||   235
    Use: Potion            |       |     3 |       ||     3
 Armour: Scale mail        |    35 |       |       ||    35
         Chain mail        |    64 |    84 |     1 ||   149
  Dodge: Dodged            |    66 |    44 |       ||   110
  Block: Buckler           |    26 |    30 |     1 ||    57

Table legend: (Time is in decaauts)
 A = Elapsed time spent in this place.
 B = Non-inter-level travel time spent in this place.
 C = Inter-level travel time spent in this place.
 D = Time resting spent in this place.
 E = Time spent auto-exploring this place.
 F = Levels seen in this place.
 G = Mean time per level.
                   A        B        C        D        E       F      G
               +--------+--------+--------+--------+--------+-----+--------+
         Total |   3367 |   3240 |    127 |      0 |   2590 |   4 |  841.8 |
       Dungeon |   3367 |   3240 |    127 |      0 |   2590 |   4 |  841.8 |
               +--------+--------+--------+--------+--------+-----+--------+

Top non-repeatable levels by time:
     D:1: 1216 daAuts
     D:2: 1039 daAuts
     D:3: 977 daAuts
     D:4: 134 daAuts
